AoeStats
← NuMa | JuanMan

Lombardia

509970331Analyzed
2v2 RM · 4d ago on Sep 28, 2026· 53m 4s· 4 players
Game mode
Random Map
Map size
Medium (4 player)
Population
200
Speed
Normal
Resources
Standard
Victory
Conquest
Starting age
Dark Age
Ending age
Imperial Age
RankedLock teamsTeams togetherTeam positionsShared explorationLock speedFull tech treeHidden civsTurbo modeCheats
Victory
Defeat
🇨🇴 Varangians · Colombia
1365
+15
🇨🇴 Malay · Colombia
1319
+17
🇬🇧 Varangians · United Kingdom
1364
-17
🇬🇧 Cumans · United Kingdom
1328
-15
Camo
6:37 Loom
9:36 Feudal Age
10:33 Double-Bit Axe
11:10 Horse Collar
12:01 Bloodlines
13:22 Wheelbarrow
15:28 Scale Barding Armor
20:43 Castle Age
19:15 Gold Mining
21:13 Forging
21:39 Bow Saw
21:38 Husbandry
22:39 Town Watch
24:08 Chain Barding Armor
26:09 Iron Casting
32:04 Stone Mining
33:08 Hand Cart
33:58 Stone Shaft Mining
38:03 Imperial Age
38:06 Cavalier
39:23 Plate Barding Armor
40:50 Blast Furnace
40:15 Conscription
40:25 Vendel Legacy
42:16 Two-Man Saw
42:16 Heavy Plow
43:19 Chemistry
42:40 Ballistics
42:31 Masonry
42:15 Elite Varangian Guard
42:40 Arson
42:55 Squires
42:41 Gambesons
44:02 Squires
44:06 Scale Mail Armor
45:00 Crop Rotation
44:29 Murder Holes
44:01 Gothikon
45:51 Chain Mail Armor
45:09 Light Cavalry
46:18 Devotion
46:46 Illumination
47:28 Plate Mail Armor
46:49 Fletching
48:25 Town Patrol
49:01 Architecture
48:14 Treadmill Crane
50:04 Bodkin Arrow
50:09 Padded Archer Armor
NuMa | JuanMan
4:41 Loom
9:41 Feudal Age
9:21 Man-at-Arms
11:36 Double-Bit Axe
13:50 Town Watch
16:48 Forging
19:28 Castle Age
17:58 Forging
18:28 Scale Barding Armor
19:08 Husbandry
19:50 Bow Saw
19:26 Horse Collar
22:23 Iron Casting
23:01 Heavy Plow
32:42 Gold Mining
39:50 Gold Shaft Mining
39:51 Wheelbarrow
41:12 Town Patrol
41:30 Hand Cart
45:27 Imperial Age
43:23 Squires
43:08 Arson
44:10 Ballistics
46:07 Blast Furnace
45:23 Elite Battle Elephant
47:15 Stone Mining
47:27 Thalassocracy
47:49 Conscription
47:20 Elite Karambit Warrior
deadshot
7:45 Loom
9:54 Feudal Age
14:22 Castle Age
15:50 Double-Bit Axe
27:47 Bow Saw
27:31 Horse Collar
30:18 Scale Mail Armor
31:02 Wheelbarrow
30:49 Forging
31:24 Chain Mail Armor
33:57 Hand Cart
33:27 Town Watch
33:48 Squires
35:12 Iron Casting
35:27 Pikeman
39:16 Imperial Age
39:45 Halberdier
43:16 Plate Mail Armor
48:39 Blast Furnace
49:25 Fletching
[M]Mafia
6:59 Loom
9:14 Feudal Age
9:51 Double-Bit Axe
12:43 Wheelbarrow
12:38 Horse Collar
21:05 Castle Age
20:04 Gold Mining
21:51 Bloodlines
21:52 Scale Barding Armor
21:59 Forging
22:45 Scale Barding Armor
24:56 Chain Barding Armor
26:38 Iron Casting
27:23 Hand Cart
29:53 Pikeman
34:57 Imperial Age
37:07 Blast Furnace
37:10 Fletching
37:23 Padded Archer Armor
38:07 Bodkin Arrow
41:28 Cuman Mercenaries
40:49 Elite Kipchak
47:23 Chemistry
46:44 Ballistics
49:57 Chemistry
49:17 Ballistics
Connection lost

Rejoining the realm…

Still unreachable

The connection could not be restored.

Session expired

The server has moved on; the page needs a fresh start.